 Dungeon Crawl Stone Soup version 0.23.2-33-g5129a83 (webtiles) character file.

Game seed: 11224656995599443660

3619 cdecastro the Fighter (level 10, -1/76 HPs)
             Began as a Halfling Hunter on July 11, 2019.
             Succumbed to a hornet's poison
             ... on level 8 of the Dungeon.
             The game lasted 00:20:25 (9658 turns).

cdecastro the Fighter (Halfling Hunter)             Turns: 9658, Time: 00:20:26

Health: -1/76      AC:  7    Str: 16    XL:     10   Next: 32%
Magic:  10/10      EV: 14    Int:  9    God:
Gold:   85         SH:  0    Dex: 16    Spells: 9/9 levels left

rFire    . . .     SeeInvis .   a - +1 hand crossbow
rCold    . . .     Gourm    .   (shield restricted)
rNeg     . . .     Faith    .   m - +0 ring mail
rPois    .         Spirit   .   (no helmet)
rElec    .         Reflect  .   p - +0 cloak
rCorr    .         Harm     .   (no gloves)
MR       .....                  (no boots)
Stlth    +.........             (no amulet)
HPRegen  0.22/turn              (no ring)
MPRegen  0.12/turn              (no ring)

@: lethally poisoned (-1 -> -9), very slightly contaminated, slowed, very slow
A: small, mutation resistance 1
a: no special abilities


You were on level 8 of the Dungeon.
You were not hungry.

You visited 2 branches of the dungeon, and saw 9 of its levels.

You collected 331 gold pieces.
You spent 246 gold pieces at shops.

Inventory:

Hand Weapons
 a - a +1 hand crossbow (weapon)
 b - a +3 short sword
 k - a cursed +0 hand axe
 y - a +0 short sword
 z - a +4 dagger
 C - a +5 flail
Missiles
 d - 28 bolts (quivered)
Armour
 m - a +0 ring mail (worn)
 p - a +0 cloak (worn)
 s - a +0 chain mail
 E - a +4 plate armour
Jewellery
 h - an uncursed amulet of magic regeneration
 t - an uncursed ring of protection from magic {unknown}
Wands
 u - a wand of polymorph (7)
 v - a wand of disintegration (12)
 x - a wand of iceblast (17)
Scrolls
 c - 2 scrolls of teleportation {unknown}
 e - 2 scrolls of holy word
 g - a scroll of identify
 i - 4 scrolls of enchant weapon
 j - 3 scrolls of remove curse {unknown}
 q - 4 scrolls of amnesia {unknown}
 w - a scroll of blinking
Potions
 l - 3 potions of brilliance
 n - a potion of flight
 o - a potion of cancellation
 r - 2 potions of mutation
 D - a potion of magic
 F - a potion of might {unknown}
Comestibles
 f - 12 rations
 B - 7 chunks of flesh


   Skills:
 - Level 10.1 Fighting
 - Level 10.0 Crossbows
 + Level 4.2 Armour
 - Level 2.1 Dodging
 - Level 1.1 Stealth


You had 9 spell levels left.
You didn't know any spells.
Your spell library was empty.

Dungeon Overview and Level Annotations

Branches:
Dungeon (8/15)             Temple (1/1) D:7
   Lair: D:8-11

Altars:
Gozag
Hepliaklqana
Kikubaaqudgha
Nemelex Xobeh
Qazlal
Ru
Trog
Uskayaw
Vehumet
Yredelemnul
Zin
The Shining One

Shops:
D:5 =(?


Innate Abilities, Weirdness & Mutations

You are small and have problems with some larger weapons.
You are somewhat resistant to further mutation.


Message History

The hornet stings you.
* * * LOW HITPOINT WARNING * * *
You are poisoned.
You feel as though you will be slow longer.
The gnoll hits you from afar with a +0 spear.
* * * LOW HITPOINT WARNING * * *
The gnoll closely misses you. The gnoll hits you but does no damage.
The hornet barely misses you.
The gnoll hits you from afar with a +0 spear!
* * * LOW HITPOINT WARNING * * *
The gnoll hits you with a +0 club.
* * * LOW HITPOINT WARNING * * *
The gnoll hits you from afar with a +0 halberd!
* * * LOW HITPOINT WARNING * * *
The hornet barely misses you.
Blink to where?
Press: ? - help, Dir - move target cursor, p - gnoll You are very lightly contaminated with residual magic.
As you read the scroll of blinking, it crumbles to dust.
You die...

#gy.# #.ยง# #..# #..#
#..# #..# ###########
#..# #.......).) #..#
###.#.#.##### #.@#
#..........# #..#
#.#.#.#.##(#
#..####)#.....##.##
#.....#.###.##)....
##.##.#.# #.##.....
#.##(#.# #........
.######.#....###..#.....
....(...).#.......#.....
#######.#....####.###.##


There were no monsters in sight!

Vanquished Creatures
  Prince Ribbit (D:6)
  A hippogriff (D:7)
  A human (D:7)
  4 hogs (D:7)
  Menkaure (D:5)
  3 orc warriors
  A water moccasin (D:6)
  An ice beast (D:8)
  2 ogres
  3 phantoms
  A centaur (D:5)
  2 bullfrogs
  3 scorpions (D:6)
  5 wights
  3 killer bees (D:8)
  3 howler monkeys (D:7)
  A crimson imp (D:7)
  2 hounds
  3 jellies (D:7)
  9 orc wizards
  2 iguanas (D:6)
  2 worker ants
  A hound zombie (D:8)
  A worker ant zombie (D:7)
  A howler monkey zombie (D:6)
  6 adders
  A shadow imp (D:7)
  An ooze (D:4)
  An adder zombie (D:6)
  A worm (D:3)
  3 leopard geckos
  17 orcs
  5 giant cockroaches
  8 goblins
  8 hobgoblins
  6 jackals
  3 quokkas
  2 ball pythons (D:1)
  7 bats
  7 frilled lizards
  6 kobolds
  A leopard gecko zombie (D:6)
  A quokka zombie (D:6)
  5 rats
146 creatures vanquished.

Notes
Turn   | Place    | Note
-------+----------+-------------------------------------------
     0 | D:1      | cdecastro the Halfling Hunter began the quest for the Orb.
     0 | D:1      | Reached XP level 1. HP: 14/14 MP: 1/1
    88 | D:1      | Reached XP level 2. HP: 11/19 MP: 2/2
   435 | D:1      | Reached skill level 5 in Crossbows
   724 | D:1      | Reached XP level 3. HP: 24/24 MP: 3/3
  1104 | D:2      | Found a radiant altar of Vehumet.
  1300 | D:2      | Reached XP level 4. HP: 24/29 MP: 4/4
  2418 | D:3      | Reached XP level 5. HP: 34/34 MP: 5/5
  2815 | D:3      | Found an opulent altar of Gozag.
  2816 | D:3      | Found a sparkling altar of Nemelex Xobeh.
  3303 | D:5      | Entered Level 5 of the Dungeon
  3303 | D:5      | Noticed Menkaure
  3308 | D:5      | Killed Menkaure
  3308 | D:5      | Reached XP level 6. HP: 20/39 MP: 6/6
  3497 | D:5      | Found Matyosh's Weapon Boutique.
  3500 | D:5      | You fall through a shaft for 3 floors!
  3501 | D:8      | Noticed an ice beast
  3511 | D:8      | Killed an ice beast
  3586 | D:8      | Noticed an orc warrior
  3591 | D:8      | Noticed a phantom
  3602 | D:7      | Reached XP level 7. HP: 41/44 MP: 7/7
  3753 | D:7      | Noticed a hippogriff
  3766 | D:7      | Killed a hippogriff
  4083 | D:7      | Reached skill level 10 in Crossbows
  4083 | D:7      | Reached XP level 8. HP: 49/49 MP: 8/8
  4637 | D:6      | Noticed Prince Ribbit
  4654 | D:6      | Killed Prince Ribbit
  4953 | D:5      | Reached skill level 5 in Fighting
  5232 | D:5      | Found Gued's Magic Scroll Boutique.
  5240 | D:5      | Bought a scroll of blinking for 82 gold pieces
  5240 | D:5      | Bought a scroll of enchant weapon for 82 gold pieces
  5240 | D:5      | Bought a scroll of holy word for 82 gold pieces
  5300 | D:5      | Found Barram's Jewellery Shoppe.
  5471 | D:6      | Reached XP level 9. HP: 62/62 MP: 9/9
  7858 | D:7      | Found a staircase to the Ecumenical Temple.
  7864 | Temple   | Entered the Ecumenical Temple
  8133 | D:7      | Reached XP level 10. HP: 29/74 MP: 10/10
  8583 | D:8      | Reached skill level 10 in Fighting
  8659 | D:7      | Reached skill level 1 in Armour
  9651 | D:8      | Paralysed by a hornet for 3 turns
  9657 | D:8      | HP: 1/76 [gnoll/+0 halberd (10)]
  9658 | D:8      | Succumbed to a hornet's poison

Skill      XL: |  1  2  3  4  5  6  7  8  9 10 |
---------------+-------------------------------+-----
Crossbows      | 5 6 7 8 10 | 10.0
Fighting       | 6 9 10 | 10.1
Armour         | 4 |  4.2
Dodging        | |  2.1
Stealth        | |  1.1

Action                   |  1- 3 |  4- 6 |  7- 9 | 10-12 || total
-------------------------+-------+-------+-------+-------++-------
Melee: Short sword       |   120 |   136 |   145 |    50 ||   451
 Fire: Hand crossbow     |     6 |    26 |   185 |    80 ||   297
  Use: Scroll            |       |       |    10 |     1 ||    11
       Potion            |       |       |     1 |     2 ||     3
 Stab: Sleeping          |     1 |       |       |       ||     1
  Eat: Chunk             |     1 |     5 |    10 |     5 ||    21
       Ration            |       |     1 |     1 |       ||     2
Armor: Leather armour    |    13 |       |       |       ||    13
       Ring mail         |    29 |    50 |    50 |    22 ||   151
       Skin              |       |       |       |    21 ||    21
Dodge: Dodged            |    97 |    98 |   170 |    69 ||   434
